 Dungeon Crawl Stone Soup version 0.25.1-2-g60ff931df9 (webtiles) character file.

Game seed: 14420393451786370978

153 flotson the Skirmisher (level 5, -9/60 HPs)
             Began as a Demonspawn Wanderer on Oct 12, 2020.
             Killed by divine providence
             ... invoked by an orc priest
              (11 damage)
             ... on level 2 of the Dungeon.
             The game lasted 00:04:17 (2248 turns).

flotson the Skirmisher (Demonspawn Wanderer)        Turns: 2248, Time: 00:04:18

Health: -9/60      AC: 22    Str: 14    XL:     5   Next: 12%
Magic:  5/5        EV:  2    Int: 12    God:
Gold:   95         SH:  0    Dex: 13    Spells: 4/4 levels left

rFire    . . .     SeeInvis .   a - +2 spear
rCold    . . .     Gourm    .   (no shield)
rNeg     + + +     Faith    .   (armour currently unavailable)
rPois    +         Spirit   .   (helmet currently unavailable)
rElec    .         Reflect  .   (cloak currently unavailable)
rCorr    .         Harm     .   (gloves currently unavailable)
MR       .....     NoTele   +   (boots currently unavailable)
Stlth    ++........             (no amulet)
HPRegen  0.20/turn              (no ring)
MPRegen  0.09/turn              (no ring)

@: tree-form
A: powered by pain 1
a: no special abilities


You were on level 2 of the Dungeon.
You were very hungry.
You were a tree.
You visited 1 branch of the dungeon, and saw 3 of its levels.

You collected 95 gold pieces.

Inventory:

Hand Weapons
 a - a +2 spear (weapon)
 b - a +0 hand crossbow
Missiles
 c - 9 bolts
 k - 19 poisoned darts (quivered)
Armour
 f - a +0 pair of boots (melded)
 n - a +0 cloak (melded)
 q - a cursed +0 leather armour
 u - a +0 scale mail (melded)
Jewellery
 r - an uncursed ring of resist corrosion
Wands
 s - a wand of paralysis (5)
Scrolls
 e - a scroll of magic mapping {unknown}
 h - 2 scrolls of teleportation {unknown}
 i - a scroll of enchant weapon {unknown}
 j - a scroll of immolation {unknown}
 m - a scroll of identify {unknown}
 o - 2 scrolls of noise {unknown}
 p - 3 scrolls of fear {unknown}
 v - a scroll of amnesia {unknown}
Potions
 d - a potion of lignification
 l - 2 potions of invisibility {unknown}
 t - a potion of degeneration {unknown}
 w - a potion of berserk rage {unknown}
 x - a potion of curing {unknown}
Comestibles
 g - 8 rations


   Skills:
 + Level 2.9 Fighting
 - Level 1.7 Polearms
 - Level 2.6 Crossbows
 + Level 2.6 Armour
 + Level 2.7 Dodging
 - Level 1.7 Stealth


You had 4 spell levels left.
You didn't know any spells.
Your spell library was empty.

Dungeon Overview and Level Annotations

Branches:
Dungeon (3/15)

Altars:
Cheibriados
Kikubaaqudgha
Qazlal
Vehumet
Xom


Innate Abilities, Weirdness & Mutations

((You have sharp toenails.))
You sometimes gain a little power by taking damage.


Message History

The orc priest is almost dead.
The orc priest calls down the wrath of Beogh upon you.
Pain shoots through your body!
* * * LOW HITPOINT WARNING * * *
The orc priest hits you with a +1 vampiric dagger.
* * * LOW HITPOINT WARNING * * *
The orc priest draws strength from your wounds!
You climb upwards.
There is a stone staircase leading down here.
You closely miss the orc priest.
The orc priest is almost dead.
The orc priest closely misses you.
Really quaff the potion of lignification?
You turn into a tree.
Your +0 cloak melds into your body.
Your +0 pair of boots melds into your body.
Your +0 scale mail melds into your body.
Your roots penetrate the ground.
The orc priest invokes the aid of Beogh against you.
Beogh smites you!
You die...

##....#######.########..#######
##...# #..# ##..## #...# ##.#
##..##### ######..## #.##
##(..... #........# #).# #######
#.......<## ##.# #....[.#..##
#.######## #......##..#
##)..##...##
#....<.#########♣.........##
#..............o......^....######
#......########................>.
#....[.# #.....(......######
#..÷...# ##<.....[...## #......#
##...##...## ######## ##########


You could see an orc priest.

Vanquished Creatures
  Jessica (D:2)
  Terence (D:2)
  3 gnolls
  2 adders
  A worm (D:3)
  A dart slug (D:1)
  2 leopard geckos
  2 orcs
  2 bats (D:2)
  4 giant cockroaches
  6 goblins
  9 hobgoblins
  A quokka (D:2)
  3 frilled lizards
  8 rats
46 creatures vanquished.

Notes
Turn   | Place    | Note
-------+----------+-------------------------------------------
     0 | D:1      | flotson the Demonspawn Wanderer began the quest for the
                  | Orb.
     0 | D:1      | flotson set off with the following items: a +2 spear, a +0
                  | hand crossbow, 22 bolts, a potion of lignification, a +0
                  | robe, a +0 dagger, a ration
     0 | D:1      | Reached XP level 1. HP: 15/15 MP: 1/1
    96 | D:1      | Gained mutation: You sometimes gain a little power by
                  | taking damage. [demonic ancestry]
    96 | D:1      | Reached XP level 2. HP: 21/21 MP: 2/2
   678 | D:2      | Reached XP level 3. HP: 27/27 MP: 3/3
   791 | D:2      | Found an ancient bone altar of Kikubaaqudgha.
   791 | D:2      | Found a radiant altar of Vehumet.
   794 | D:2      | Found a shimmering altar of Xom.
   794 | D:2      | Found a snail-covered altar of Cheibriados.
  1110 | D:2      | Noticed Jessica
  1111 | D:2      | Killed Jessica
  1111 | D:2      | Gained mutation: You have sharp toenails. [demonic
                  | ancestry]
  1111 | D:2      | Reached XP level 4. HP: 33/33 MP: 4/4
  1282 | D:2      | Noticed Terence
  1292 | D:2      | Killed Terence
  1421 | D:3      | Found a stormy altar of Qazlal.
  1421 | D:3      | Noticed an air elemental
  1442 | D:3      | Noticed an earth elemental
  1446 | D:3      | Noticed a fire elemental
  1449 | D:3      | Noticed a water elemental
  2122 | D:2      | Reached XP level 5. HP: 27/40 MP: 5/5
  2244 | D:3      | HP: 2/40 [orc priest/nerve-wracking pain (14)]
  2248 | D:2      | Killed from afar by an orc priest

Illustrated notes

Levels and vault maps discovered:
D:1:      dpeg_arrival_simpleton_c, layout_loops_ring, minmay_cupped
D:2:      layout_rooms, grunt_temple_overflow_open, first_ration, uniq_terence,
          uniq_jessica
D:3:      layout_rooms, nicolae_qazlal_style_of_elements, lemuel_doored_altar,
          uniq_crazy_yiuf_cottage

Skill      XL: |  1  2  3 |
---------------+----------+-----
Fighting       | 2 |  2.9
Armour         | 2 |  2.6
Dodging        | 2 |  2.7
Polearms       | |  1.7
Crossbows      | |  2.6
Stealth        | |  1.7

Action                   |  1- 3 |  4- 6 || total
-------------------------+-------+-------++-------
Melee: Spear             |       |    60 ||    60
 Fire: Hand crossbow     |    56 |    48 ||   104
Throw: Dart              |       |     3 ||     3
  Use: Potion            |       |     2 ||     2
  Eat: Chunk             |       |     3 ||     3
Armor: Robe              |     1 |       ||     1
       Ring mail         |     5 |     6 ||    11
       Scale mail        |       |    28 ||    28
Dodge: Dodged            |     9 |    42 ||    51
